cohdb
Replays
Latest Replays
All Replays
Popular Replays
Top Player Replays
Match Explorer
How It Works
Community
CoH3 Stats
Reddit
Sign in to upload your games and track your stats! →
Sign in with Steam
Fire walk with me
Match 9547933
Overview
Messages
Build Orders
End
Construct Barracks
Riflemen Squad
Riflemen Squad
M1 Mortar Team
Construct Medical Station
Engineer Squad
Infantry Support Center
Riflemen Squad
M1918 Browing Automatic Rifles
Munitions Surplus
Grenade Package
Selects Armored Battlegroup
Selects Veteran Crews
Selects Strength in Steel
.30 cal Machine Gun
Selects M8 Scott SPG
M8 Scott SPG
Advanced Logisitcs
Mortar Pit
Mortar Pit
Construct Tank Depot
Selects Field Repairs
Selects War Machine
M18 Hellcat Tank Destroyer
Demolitions Package
M18 Hellcat Tank Destroyer
Biobazard
The Sage
Mnky
zaro
0
0
Comments
sign in to comment!
No comments posted yet!